 Dungeon Crawl Stone Soup version 0.29.1 (webtiles) character file.

Game seed: 15479117328921102002

46 cbfl8 the Chopper (level 3, -1/49 HPs)
             Began as a Minotaur Berserker on Aug 23, 2022.
             Was a Believer of Trog.
             Slain by Grinder (7 damage)
             ... on level 3 of the Dungeon on Sept 14, 2022.
             The game lasted 00:02:55 (2480 turns).

cbfl8 the Chopper (Minotaur Berserker)              Turns: 2480, Time: 00:02:56

Health: -1/49      AC:  5    Str: 21    XL:     3   Next: 44%
Magic:  2/2        EV: 11    Int:  4    God:    Trog [**....]
Gold:   68         SH:  0    Dex: 11    Spells: 2/2 levels left

rFire   . . .      SeeInvis .   a - +0 hand axe
rCold   . . .      Faith    .   (no shield)
rNeg    . . .      Spirit   .   j - +0 ring mail
rPois   .          Reflect  .   (helmet restricted)
rElec   .          Harm     .   (no cloak)
rCorr   .          Rampage  .   (no gloves)
Will    .....                   (no boots)
Stlth   ..........              (no amulet)
HPRegen 0.16/turn               (no ring)
MPRegen 0.08/turn               (no ring)

@: berserking, very quick
A: horns 2, retaliatory headbutt
a: Renounce Religion, Berserk, Trog's Hand


You were on level 3 of the Dungeon.
You worshipped Trog.
Trog was pleased with you.
You visited 1 branch of the dungeon, and saw 3 of its levels.

You collected 68 gold pieces.

Inventory:

Hand Weapons
 a - a +0 hand axe (weapon)
Armour
 b - a +0 animal skin
 j - a +0 ring mail (worn)
Scrolls
 d - a scroll of acquirement {unknown}
 e - 4 scrolls of identify {unknown}
 f - a scroll of fog {unknown}
 g - 2 scrolls of teleportation {unknown}
 i - a scroll of noise {unknown}
Potions
 c - 3 potions of curing {unknown}
 h - a potion of haste {unknown}


   Skills:
 * Level 4.3 Fighting
 * Level 4.5 Axes
 + Level 2.5 Armour
 * Level 2.6 Dodging
 * Level 0.1 Evocations


You had 2 spell levels left.
You didn't know any spells.
Your spell library was empty.

Dungeon Overview and Level Annotations

Branches:
Dungeon (3/15)

Altars:

Annotations:
D:2 1 runed translucent door, Crazy Yiuf
D:3 Grinder


Innate Abilities, Weirdness & Mutations

You have a pair of horns on your head.
You reflexively headbutt those who attack you in melee.


Message History

The kobold closely misses you.
Unknown command.
You hit the kobold.
You kill the kobold!
Trog accepts your kill.
You hit the endoplasm.
Grinder comes into view.
The endoplasm freezes you.
You are frozen.
Grinder shouts!
You hit the endoplasm.
You kill the endoplasm!
Trog accepts your kill.
Unknown command.
Unknown command.
Grinder hits you.
You writhe in agony.
You hit Grinder but do no damage. You headbutt Grinder.
Grinder is lightly wounded.
Grinder hits you but does no damage.
You closely miss Grinder.
Grinder is lightly wounded.
Grinder blinks!
Found 6 stones.
You hit Grinder. You headbutt Grinder!
Grinder is moderately wounded.
Grinder hits you!
You writhe in agony.
You are too injured to fight recklessly!
You are too injured to fight recklessly!
A red film seems to cover your vision as you go berserk!
You feel yourself moving faster!
You feel mighty! Grinder hits you.
* * * LOW HITPOINT WARNING * * *
You writhe in agony.
* * * LOW HITPOINT WARNING * * *
You closely miss Grinder.
Grinder is moderately wounded.
Grinder closely misses you. You furiously retaliate!
You headbutt Grinder! You hit Grinder.
Grinder is severely wounded.
Grinder hits you!
You die...

.###.####........#
..........######<#
##......# #.#
#...)†.######.#
#..)...)...##.#
#......###.....
##......# ###
#.#.......#
#....@....#
##..5.....#
#.)....###
..........
###.........
............
....#......(.
..####........


You could see Grinder.

Vanquished Creatures
  An adder (D:3)
  A dart slug (D:1)
  An orc (D:3)
  3 endoplasms
  3 giant cockroaches
  3 goblins
  3 hobgoblins
  6 ball pythons
  A bat (D:2)
  4 frilled lizards
  3 kobolds
  4 rats
33 creatures vanquished.

Notes
Turn   | Place    | Note
-------+----------+-------------------------------------------
     0 | D:1      | cbfl8 the Minotaur Berserker began the quest for the Orb.
     0 | D:1      | Reached XP level 1. HP: 19/19 MP: 0/0
   292 | D:1      | Reached XP level 2. HP: 19/27 MP: 1/1
   293 | D:1      | Upgraded the game from 0.29-b1-12-g9e2288ab2a to
                  | 0.29.0-3-gbb0933ed62
   293 | D:1      | Upgraded the game from 0.29.0-3-gbb0933ed62 to
                  | 0.29.0-11-gd7f09526c8
   615 | D:1      | Found a faded altar of an unknown god.
  1499 | D:2      | Found a runed translucent door.
  1500 | D:2      | Noticed Crazy Yiuf
  1960 | D:2      | Reached XP level 3. HP: 33/33 MP: 2/2
  2425 | D:2      | Upgraded the game from 0.29.0-11-gd7f09526c8 to 0.29.1
  2463 | D:3      | Reached ** piety under Trog
  2468 | D:3      | Noticed Grinder
  2480 | D:3      | Slain by Grinder

Illustrated notes

Levels and vault maps discovered:
D:1:      wheals_arrival_shading, layout_loops_ring,
          shapermc_ecumenical_altar_pompeii, roderic_serpentine_path
D:2:      layout_basic, minmay_misc_feat_x, dk_noncrumbling_3,
          amcnicky_mini_pool_small, uniq_crazy_yiuf_cottage
D:3:      minmay_angry_zag, layout_rooms, uniq_grinder

Skill      XL: |  1  2 |
---------------+-------+-----
Axes           | 4 |  4.5
Fighting       | 4 |  4.3
Armour         | |  2.5
Dodging        | |  2.6
Evocations     | |  0.1

Action                   || total
-------------------------++-------
Melee: Hand axe          ||    64
       Headbutt          ||     8
Invok: Berserk           ||     1
 Stab: Sleeping          ||     1
Armor: Animal skin       ||     7
       Ring mail         ||     3
Dodge: Dodged            ||    30
Block: Buckler           ||     2
